 Dungeon Crawl Stone Soup version 0.22-a0-179-gb5258fd (webtiles) character file.

821 Firecrotchwizard the Cruncher (level 7, -1/64 HPs)
             Began as a Minotaur Gladiator on Feb 14, 2018.
             Slain by a slave (7 damage)
             ... led by Pikel
             ... on level 5 of the Dungeon.
             The game lasted 00:08:16 (3298 turns).

Firecrotchwizard the Cruncher (Minotaur Gladiator)  Turns: 3298, Time: 00:08:16

Health: -1/64      AC:  1    Str: 18    XL:     7   Next: 63%
Magic:  6/6        EV: 12    Int:  5    God:
Gold:   261        SH:  0    Dex: 14    Spells: 6/6 levels left

rFire    . . .     SeeInvis .   a - +0 quarterstaff
rCold    . . .     Gourm    .   (shield currently unavailable)
rNeg     . . .     Faith    .   i - +0 ring mail
rPois    +         Spirit   .   c - +0 hat
rElec    .         Reflect  .   (no cloak)
rCorr    .         Harm     .   (no gloves)
MR       .....                  (no boots)
Stlth    +.........             (no amulet)
HPRegen  0.20/turn              e - ring of poison resistance (curse) {rPois, !d}
MPRegen  0.10/turn              A - +4 ring of slaying (curse)

@: corroded
A: retaliatory headbutt, horns 2
a: no special abilities


You were on level 5 of the Dungeon.
You were hungry.

You visited 1 branch of the dungeon, and saw 5 of its levels.

You collected 261 gold pieces.

Inventory:

Hand Weapons
 a - a +0 quarterstaff (weapon)
Missiles
 d - 3 throwing nets {=f, !d}
Armour
 c - a +0 hat (worn)
 i - a +0 ring mail (worn)
   (You found it on level 1 of the Dungeon)
Jewellery
 e - a cursed ring of poison resistance (left hand) {rPois, !d}
   (You found it on level 1 of the Dungeon)
 A - a cursed +4 ring of slaying (right hand)
   (You found it on level 3 of the Dungeon)
Scrolls
 g - 2 scrolls of enchant armour {unknown}
 j - a scroll of random uselessness {unknown}
 k - 2 scrolls of amnesia {unknown}
 m - 3 scrolls of identify {unknown}
 n - 2 scrolls of teleportation {unknown}
 p - a scroll of noise {unknown}
 w - 2 scrolls of remove curse {unknown}
 x - a scroll of magic mapping {unknown}
Potions
 h - a potion of lignification {unknown}
 o - a potion of mutation {unknown}
 r - a potion of curing {unknown}
 t - a potion of degeneration {unknown}
 v - a potion of resistance {unknown}
 z - 2 potions of flight {unknown}
 B - a potion of berserk rage {unknown}
 D - a potion of agility {unknown}
Comestibles
 b - 3 chunks of flesh {@w0}
 f - 7 rations {@e1}


   Skills:
 + Level 6.3 Fighting
 * Level 9.1 Staves
 - Level 2.1 Throwing
 - Level 3.4 Dodging


You had 6 spell levels left.
You didn't know any spells.

Dungeon Overview and Level Annotations

Branches:
Dungeon (5/15)
 Temple: D:4-7

Altars:
Ashenzari
Elyvilon
Gozag
Qazlal
Zin
The Shining One

Annotations:
D:5 Pikel


Innate Abilities, Weirdness & Mutations

You reflexively headbutt those who attack you in melee.
You have a pair of horns on your head.


Message History

Found a stone staircase leading down.
There is a stone staircase leading down here.
You open the door.
There is an open door here.
You see here a scale mail.
Done exploring.
Done exploring.
(D) Dungeon
Where to? (Enter - D:4 @ (x,y), ? - help)
There is an open door here.
There is a stone staircase leading down here.
You climb downwards.
A worm comes into view.
Found 6 gold pieces.
Found an escape hatch in the ceiling.
There is a stone staircase leading up here.
You hit the worm. Your headbutt misses the worm. You thump the worm!
The worm bites you.
You take 2 damage, and have 62/64 hp.
You hit the worm.
You kill the worm!
No target in view!
Found a white marble altar of Elyvilon.
You see here a worm corpse.
You butcher the worm corpse.
b - 2 chunks of flesh {@w0}
There is a stone staircase leading up here.
Found a stone staircase leading down.
You now have 261 gold pieces (gained 6).
Found a stone staircase leading up.
Health restored: 64 You see here a ring mail.
z - 2 amethyst potions (gained 1)
m - 3 scrolls labeled DAOKUI JOMNU (gained 1)
Found an escape hatch in the floor.
Found a stone staircase leading up.
g - 2 scrolls labeled ITUZAS ETHRUA (gained 1)
You found a teleport trap!
A slave comes into view.
The slave shouts!
You hear a shout!
A slave is nearby!
Pikel and a zombie come into view.
Pikel is wielding a whip of flaming.
Pikel shouts!
You hear a shout!
You hear an angry hiss.
Found a stone staircase leading down.
A leopard gecko zombie comes into view.
Really walk into that teleport trap?
You enter a teleport trap!
The teleport trap disappears.
Your surroundings suddenly seem different.
You start waiting.
An adder comes into view.
Unknown command.
The adder hisses angrily.
The adder bites you.
You take 1 damage, and have 63/64 hp.
You closely miss the adder. The adder barely misses you.
You furiously retaliate!
You headbutt the adder! You hit the adder.
You kill the adder!
Health restored: 64 No target in view!
You butcher the adder corpse.
b - 3 chunks of flesh {@w0} (gained 1)
A slave and Pikel come into view.
Pikel is wielding a whip of flaming.
You see here a ration {@e1}.
Pikel shouts!
The slave shouts!
A slave comes into view.
Pikel zaps a wand.
The bolt of acid misses you.
It is a wand of acid (7).
Pikel zaps a wand.
The bolt of acid hits you! The acid corrodes you!
You are splashed with acid!
The acid burns!
You take 32 damage, and have 32/64 hp.
MASSIVE DAMAGE!!
There are monsters nearby!
You are too injured to fight recklessly!
You sock the leopard gecko zombie!
You destroy the leopard gecko zombie!
You hit the slave but do no damage. The slave closely misses you.
You completely miss the slave. The slave hits you!
You take 7 damage, and have 25/64 hp.
The slave shouts!
You sock the leopard gecko zombie!
You destroy the leopard gecko zombie!
The slave hits you.
You take 5 damage, and have 20/64 hp.
You barely miss Pikel. Your headbutt misses Pikel. Pikel closely misses you.
The slave closely misses you. The slave hits you.
* * * LOW HITPOINT WARNING * * *
A slave comes into view.
You take 5 damage, and have 15/64 hp.
You hit Pikel but do no damage.
The slave moves out of view.
The slave barely misses you. Pikel barely misses you. The slave hits you!
* * * LOW HITPOINT WARNING * * *
You take 9 damage, and have 6/64 hp.
You hit Pikel but do no damage. You headbutt Pikel.
You are feeling hungry.
You miss Pikel. Your headbutt misses Pikel. The slave closely misses you.
The slave hits you!
You die...

#....[##..........##.#
#.................#
#....>#....##..##.#
#.....#.........+.#
#.....##........#.#
#.....##....#..##..
##....#......### ..
#....#........#
##..K@#........#
#...pp##...##.'#
#.....##...##..##..
.##.....p.p.%#.......
........p.....>......
###.........Z##..##..
#........p........
#.....##........>..
########.........p.


You could see Pikel and 4 slaves.

Vanquished Creatures
  The ghost of sunny1234 the Insei, a novice OpTm (D:3)
  Menkaure (D:4)
  A centaur (D:4)
  Blork the orc (D:4)
  Natasha (thrice) (D:3)
  A worker ant (D:4)
  Robin (D:3)
  10 adders
  2 worms
  3 dart slugs
  2 leopard geckos
  3 orcs (D:3)
  3 giant cockroaches
  12 goblins
  6 hobgoblins
  9 kobolds
  10 bats
  3 frilled lizards
  2 leopard gecko zombies (D:5)
  9 rats
83 creatures vanquished.

Notes
Turn   | Place    | Note
-------+----------+-------------------------------------------
     0 | D:1      | Firecrotchwizard the Minotaur Gladiator began the quest for the Orb.
     0 | D:1      | Reached XP level 1. HP: 18/18 MP: 0/0
   120 | D:1      | Reached XP level 2. HP: 25/25 MP: 1/1
   162 | D:1      | Reached skill level 4 in Staves
   688 | D:2      | Reached skill level 3 in Fighting
   691 | D:2      | Reached XP level 3. HP: 31/31 MP: 2/2
   716 | D:2      | Found a glowing golden altar of the Shining One.
   814 | D:2      | Reached skill level 5 in Staves
  1025 | D:2      | Reached XP level 4. HP: 36/38 MP: 3/3
  1116 | D:2      | Found a shattered altar of Ashenzari.
  1220 | D:2      | Found a glowing silver altar of Zin.
  1222 | D:2      | Found an opulent altar of Gozag.
  1369 | D:3      | Found a shattered altar of Ashenzari.
  1402 | D:3      | Noticed Natasha
  1411 | D:3      | Killed Natasha
  1411 | D:3      | Reached skill level 4 in Fighting
  1529 | D:3      | Noticed Natasha
  1535 | D:3      | Killed Natasha
  1535 | D:3      | Reached skill level 6 in Staves
  1535 | D:3      | Reached XP level 5. HP: 46/46 MP: 4/4
  1539 | D:3      | Noticed Natasha
  1544 | D:3      | Killed Natasha
  1746 | D:3      | Noticed Robin
  1764 | D:3      | Killed Robin
  1897 | D:3      | Found a stormy altar of Qazlal.
  2141 | D:3      | Noticed sunny1234's ghost (novice OpTm)
  2156 | D:3      | Killed sunny1234's ghost
  2156 | D:3      | Reached skill level 5 in Fighting
  2156 | D:3      | Reached skill level 7 in Staves
  2156 | D:3      | Reached XP level 6. HP: 39/56 MP: 5/5
  2489 | D:4      | Got a dazzling hand axe
  2526 | D:4      | Reached skill level 8 in Staves
  2538 | D:4      | Noticed Menkaure
  2541 | D:4      | Killed Menkaure
  2541 | D:4      | Reached XP level 7. HP: 62/62 MP: 6/6
  2545 | D:4      | Got a scorched flail
  2625 | D:4      | Reached skill level 6 in Fighting
  3087 | D:4      | Noticed Blork the orc
  3090 | D:4      | Killed Blork the orc
  3090 | D:4      | Reached skill level 9 in Staves
  3199 | D:5      | Entered Level 5 of the Dungeon
  3205 | D:5      | Found a white marble altar of Elyvilon.
  3239 | D:5      | Noticed Pikel
  3295 | D:5      | HP: 15/64 [slave[Pikel] (5)]
  3296 | D:5      | HP: 6/64 [slave[Pikel] (9)]
  3298 | D:5      | Slain by a slave

Vault maps used:
D:1:      minmay_arrival_diagonal_passages, minmay_misc_feat_alley
D:2:      grunt_temple_overflow_gold_and_silver, marbit_many_paths,
          tso_metal_star
D:3:      lemuel_crystal_altar, ashenzari_altar_1, uniq_natasha, uniq_robin
D:4:      uniq_blork_the_orc, uniq_menkaure
D:5:      nicolae_overflow_crystal_walls, kennysheep_mini_moat,
          minmay_temple_entry_butterflies, first_ration, serial_shops,
          kennysheep_mini, roderic_lattice_a, grunt_tough_drop, uniq_duvessa,
          uniq_pikel

Skill      XL: |  1  2  3  4  5  6  7 |
---------------+----------------------+-----
Staves         | 4 5 6 7 8 9 |  9.1
Fighting       | 3 4 5 6 |  6.3
Throwing       | |  2.1
Dodging        | |  3.4

Action                   |  1- 3 |  4- 6 |  7- 9 || total
-------------------------+-------+-------+-------++-------
Melee: Quarterstaff      |    66 |    85 |    22 ||   173
       Headbutt          |     9 |    16 |     2 ||    27
  Eat: Chunk             |       |     5 |     2 ||     7
Armor: Leather armour    |     2 |       |       ||     2
       Ring mail         |    28 |    23 |     1 ||    52
Dodge: Dodged            |    41 |    39 |    11 ||    91

Table legend:
 A = Spawn XP
 B = Non-spawn XP
 C = Spawn XP percentage of total XP
 D = Spawn monster count
 E = Non-spawn monster count
 F = Spawn count percentage of total count
 G = Total turns spent on level
                    A         B        C        D         E        F      G
               +---------+---------+-------+---------+---------+-------+---------
         Total |       0 |    1173 |   0.0 |       0 |      83 |   0.0 |  3298
               +---------+---------+-------+---------+---------+-------+---------
           D:1 |       0 |      22 |   0.0 |       0 |      11 |   0.0 |   643
           D:2 |       0 |     101 |   0.0 |       0 |      26 |   0.0 |   622
           D:3 |       0 |     576 |   0.0 |       0 |      36 |   0.0 |  1193
           D:4 |       0 |     455 |   0.0 |       0 |       6 |   0.0 |   741
           D:5 |       0 |      19 |   0.0 |       0 |       4 |   0.0 |    99
               +---------+---------+-------+---------+---------+-------+---------

Vault maps used:
D:1:      minmay_arrival_diagonal_passages, minmay_misc_feat_alley
D:2:      grunt_temple_overflow_gold_and_silver, marbit_many_paths,
          tso_metal_star
D:3:      lemuel_crystal_altar, ashenzari_altar_1, uniq_natasha, uniq_robin
D:4:      uniq_blork_the_orc, uniq_menkaure
D:5:      nicolae_overflow_crystal_walls, kennysheep_mini_moat,
          minmay_temple_entry_butterflies, first_ration, serial_shops,
          kennysheep_mini, roderic_lattice_a, grunt_tough_drop, uniq_duvessa,
          uniq_pikel

Table legend:
 A = Turns spent in this place as a percentage of turns spent in the entire game.
 B = Non-inter-level travel turns spent in this place as a percentage of non-inter-level travel turns spent in the entire game.
 C = Inter-level travel turns spent in this place as a percentage of turns spent in this place.
 D = Turns resting spent in this place as a percentage of non-inter-level travel turns spent in this place.
 E = Turns spent auto-exploring this place as a percentage of non-inter-level travel turns spent in this place.
 F = Non-inter-level travel turns spent in this place divided by the number of levels of this place that you've seen.
                   A       B       C       D       E      F
               +-------+-------+-------+-------+-------+----------------------
         Total | 100.0 | 100.0 |   5.2 |  19.6 |  67.0 | 625.6
       Dungeon | 100.0 | 100.0 |   5.2 |  19.6 |  67.0 | 625.6
               +-------+-------+-------+-------+-------+----------------------

Table legend:
 A = Kills in this place as a percentage of kills in entire the game.
 B = Kills by you in this place as a percentage of kills by you in the entire game.
 C = Kills by friends in this place as a percentage of kills by friends in the entire game.
 D = Other kills in this place as a percentage of other kills in the entire game.
 E = Experience gained in this place as a percentage of experience gained in the entire game.
 F = Experience gained in this place divided by the number of levels of this place that you have seen.
                   A       B       C       D       E      F
               +-------+-------+-------+-------+-------+----------------------
         Total | 100.0 | 100.0 |   N/A |   N/A | 100.0 | 234.6
       Dungeon | 100.0 | 100.0 |   N/A |   N/A | 100.0 | 234.6
               +-------+-------+-------+-------+-------+----------------------
